 Dungeon Crawl Stone Soup version 0.20.1-1-g8b1a95d (webtiles) character file.

1120 Ladykiller69 the Ruffian (level 8, -4/79 HPs)
             Began as a Troll Monk on July 21, 2017.
             Was a Priest of Cheibriados.
             Slain by Ladykiller69's ghost (19 damage)
             ... on level 7 of the Dungeon.
             The game lasted 00:08:40 (4535 turns).

Ladykiller69 the Ruffian (Troll Monk)               Turns: 4535, Time: 00:08:41

Health: -4/79      AC:  5    Str: 27    XL:     8   Next: 12%
Magic:  5/8        EV: 12    Int: 13    God:    Cheibriados [***...]
Gold:   271        SH:  0    Dex: 21    Spells: 7/7 levels left

rFire    . . .     SeeInvis .     - Unarmed
rCold    . . .     Gourm    +   (no shield)
rNeg     . . .     Faith    .   a - +0 robe
rPois    .         Spirit   .   (helmet restricted)
rElec    .         Reflect  .   m - scarf {repulsion}
rCorr    .         Harm     .   (gloves unavailable)
MR       .....                  (boots unavailable)
Stlth    ++........             (no amulet)
Regen    0.7/turn               (no ring)
MPRegen  0.2/turn               (no ring)

@: repel missiles, very slow
A: unfitting armour, claws 3, fast metabolism 3, gourmand, regeneration 1,
shaggy fur 1, tough skin 2
a: Bend Time, Temporal Distortion, Renounce Religion


You were on level 7 of the Dungeon.
You worshipped Cheibriados.
Cheibriados was most pleased with you.
You were completely stuffed.

You visited 2 branches of the dungeon, and saw 8 of its levels.

You collected 271 gold pieces.

Inventory:

Missiles
 i - 8 javelins
 p - 134 stones (quivered)
Armour
 a - a +0 robe (worn)
 m - a scarf of repulsion (worn)
Jewellery
 t - a cursed -2 ring of strength {unknown}
 u - an uncursed ring of see invisible {unknown}
 y - an uncursed ring of protection from cold {unknown}
Wands
 o - a wand of lightning (10/15)
 s - a wand of random effects (29/48)
Scrolls
 c - 4 scrolls of amnesia
 e - 2 scrolls of teleportation
 f - a scroll of enchant weapon
 h - 3 scrolls of identify
 j - 2 scrolls of magic mapping
 v - a scroll of recharging
 w - a scroll of acquirement
 A - a scroll of immolation {unknown}
 B - a scroll of remove curse {unknown}
Potions
 g - a potion of cancellation {unknown}
 k - 4 potions of curing {unknown}
 l - 2 potions of haste {unknown}
 n - 3 potions of agility {unknown}
 q - a potion of resistance {unknown}
 r - 2 potions of lignification {unknown}
 x - a potion of mutation {unknown}
 z - a potion of degeneration {unknown}
Comestibles
 b - 4 bread rations
 d - 2 meat rations


   Skills:
 + Level 4.5 Fighting
 + Level 2.7 Throwing
 + Level 4.0 Dodging
 - Level 1.0 Stealth
 * Level 7.0 Unarmed Combat
 + Level 1.4 Invocations


You had 7 spell levels left.
You didn't know any spells.

Dungeon Overview and Level Annotations

Branches:
Dungeon (7/15)             Temple (1/1) D:4

Altars:
Ashenzari
Cheibriados
Fedhas
Gozag
Makhleb
Qazlal
Ru
Trog
Uskayaw
Yredelemnul

Annotations:
D:7 Ladykiller69's ghost, novice TrMo


Innate Abilities, Weirdness & Mutations

You are too large for most types of armour.
You have claws for hands.
Your metabolism is lightning-fast.
You like to eat raw meat.
Your natural rate of healing is unusually fast.
You are covered in fur. (AC +1)
You have very tough skin. (AC +2)


Message History

Press: ? - help, Shift-Dir - straight line, f/p - Ladykiller69's ghost
Aim: Ladykiller69's ghost You throw a stone.
The stone misses Ladykiller69's ghost.
Throwing (i - inventory. (,) - cycle):
p - 135 stones (quivered)
Press: ? - help, Shift-Dir - straight line, f/p - Ladykiller69's ghost
Aim: Ladykiller69's ghost You throw a stone.
The stone misses Ladykiller69's ghost.
Ladykiller69's ghost says, "What's the hurry?
You'll die anyway."
Ladykiller69's ghost hits you!!
You claw Ladykiller69's ghost!
Ladykiller69's ghost is lightly damaged.
Ladykiller69's ghost hits you!
You claw Ladykiller69's ghost!
Ladykiller69's ghost is moderately damaged.
Ladykiller69's ghost hits you!!
* * * LOW HITPOINT WARNING * * *
The flow of time bends around you.
Ladykiller69's ghost resists with some effort.
You feel slightly less full. Ladykiller69's ghost hits you!!
You die...

.....# ######....[
..#...... ##.#.#...
#..#
###........##..#
!(.........##..#
#(....#..##..#
#(..W@...##..#
#.$#.###.##..######
... #.#
#.##........ # #.#
#.##<..####
#.###...........
#........######.
##########


You could see Ladykiller69's ghost.

Vanquished Creatures
  An ogre (D:5)
  A centaur (D:5)
  The ghost of namelastname112 the Scratcher, an amateur FeCK of Xom (D:4)
  A scorpion (D:6)
  A howler monkey (D:5)
  2 hounds
  A quasit (D:5)
  5 jellies
  An orc priest (D:3)
  2 orc wizards (D:4)
  Terence (D:2)
  2 iguanas
  3 worker ants
  A killer bee zombie (D:6)
  A howler monkey skeleton (D:5)
  4 gnolls (D:3)
  10 adders
  A shadow imp (D:5)
  7 oozes (D:1)
  An adder zombie (D:5)
  An adder skeleton (D:4)
  5 worms
  A dart slug (D:3)
  8 leopard geckos
  14 orcs
  6 giant cockroaches
  4 goblins
  3 hobgoblins
  10 jackals
  5 kobolds
  2 ball pythons
  3 bats
  7 frilled lizards
  A leopard gecko skeleton (D:4)
  A quokka skeleton (D:4)
  10 rats
128 creatures vanquished.

Vanquished Creatures (others)
  An ice beast (D:5)
1 creature vanquished.

Grand Total: 129 creatures vanquished

Notes
Turn   | Place    | Note
-------+----------+-------------------------------------------
     0 | D:1      | Ladykiller69 the Troll Monk began the quest for the Orb.
     0 | D:1      | Reached XP level 1. HP: 22/22 MP: 0/0
     0 | D:1      | Noticed a jelly
     1 | D:1      | Found a runed door.
    18 | D:1      | Reached XP level 2. HP: 29/29 MP: 1/1
    28 | D:1      | Reached XP level 3. HP: 8/36 MP: 2/2
    41 | D:1      | Reached skill level 4 in Unarmed Combat
   115 | D:1      | Reached XP level 4. HP: 35/45 MP: 3/3
   945 | D:2      | Noticed Terence
   967 | D:2      | Killed Terence
   967 | D:2      | Reached XP level 5. HP: 37/53 MP: 4/4
  1598 | D:3      | Reached skill level 5 in Unarmed Combat
  1729 | D:3      | Reached XP level 6. HP: 33/61 MP: 5/5
  2581 | D:4      | Reached skill level 1 in Throwing
  2595 | D:4      | Noticed namelastname112's ghost (amateur FeCK)
  2605 | D:4      | Killed namelastname112's ghost
  2780 | D:4      | Found a staircase to the Ecumenical Temple.
  2801 | Temple   | Entered the Ecumenical Temple
  2875 | Temple   | Became a worshipper of Cheibriados the Contemplative
  2875 | Temple   | Reached * piety under Cheibriados
  2875 | Temple   | Reached ** piety under Cheibriados
  2947 | D:4      | Reached XP level 7. HP: 60/70 MP: 6/6
  3062 | D:4      | Found a burning altar of Makhleb.
  3062 | D:4      | Noticed a blizzard demon
  3065 | D:4      | Noticed a smoke demon
  3065 | D:4      | Noticed a smoke demon
  3134 | D:5      | Entered Level 5 of the Dungeon
  3284 | D:5      | Reached skill level 6 in Unarmed Combat
  3516 | D:5      | Reached skill level 1 in Invocations
  3535 | D:5      | Found a stormy altar of Qazlal.
  4023 | D:6      | Reached *** piety under Cheibriados
  4053 | D:6      | Reached XP level 8. HP: 79/79 MP: 7/7
  4059 | D:6      | Identified a scroll of acquirement
  4516 | D:7      | Reached skill level 7 in Unarmed Combat
  4526 | D:7      | Noticed Ladykiller69's ghost (novice TrMo)
  4535 | D:7      | Slain by Ladykiller69's ghost

Skill      XL: |  1  2  3  4  5  6  7  8 |
---------------+-------------------------+-----
Unarmed Combat | 4 5 6 7 |  7.0
Fighting       | 3 4 |  4.5
Dodging        | 3 4 |  4.0
Throwing       | 1 2 |  2.7
Invocations    | 1 |  1.4
Stealth        | |  1.0

Action                   |  1- 3 |  4- 6 |  7- 9 || total
-------------------------+-------+-------+-------++-------
Melee: Unarmed           |    35 |   257 |    79 ||   371
       Punch             |       |     4 |     4 ||     8
Throw: Stone             |       |    69 |    47 ||   116
Invok: Bend Time         |       |       |     1 ||     1
  Use: Scroll            |       |       |     6 ||     6
 Stab: Sleeping          |       |     4 |     1 ||     5
  Eat: Chunk             |       |    32 |    10 ||    42
Armor: Robe              |     2 |    57 |    18 ||    77
Dodge: Dodged            |    11 |   139 |    44 ||   194
       Deflected         |       |     3 |       ||     3
